 Dungeon Crawl Stone Soup version 0.29.1-13-g9f3cf754e1 (webtiles) character file.

Game seed: 6809391405051379756

141 KittyFluff the Cudgeller (level 5, -1/33 HPs)
             Began as a Gargoyle Berserker on Feb 5, 2023.
             Was a Believer of Trog.
             Slain by an iguana (3 damage)
             ... on level 4 of the Dungeon.
             The game lasted 00:12:09 (3054 turns).

KittyFluff the Cudgeller (Gargoyle Berserker)       Turns: 3054, Time: 00:12:09

Health: -1/33      AC:  8    Str: 26    XL:     5   Next: 24%
Magic:  5/5        EV: 11    Int:  8    God:    Trog [**....]
Gold:   149        SH:  3    Dex: 11    Spells: 4/4 levels left

rFire   . . .      SeeInvis .   a - +0 mace
rCold   . . .      Faith    .   k - +0 buckler
rNeg    + + .      Spirit   .   i - +0 leather armour
rPois   ∞          Reflect  .   (no helmet)
rElec   +          Harm     .   (no cloak)
rCorr   .          Rampage  .   o - +0 pair of gloves
Will    .....                   (no boots)
Stlth   +.........              (no amulet)
HPRegen 0.11/turn               e - ring of positive energy
MPRegen 0.09/turn               u - +6 ring of strength

@: no status effects
A: sickness immunity, AC +4, negative energy resistance 1, electricity
resistance, torment resistance 1, petrification resistance
a: Renounce Religion, Berserk, Trog's Hand


You were on level 4 of the Dungeon.
You worshipped Trog.
Trog was pleased with you.
You visited 1 branch of the dungeon, and saw 4 of its levels.

You collected 149 gold pieces.

Inventory:

Hand Weapons
 a - a +0 mace (weapon)
 m - a +0 sling
 z - the +8 quarterstaff "Spiderslayer" {venom, rC+ Str+5}
   (You found it on level 4 of the Dungeon)

   It poisons the flesh of those it strikes.
   Str:       It affects your strength (+5).
   rC:        It protects you from cold.
Missiles
 c - 6 boomerangs (quivered)
 d - 38 stones
 q - 4 poisoned darts
Armour
 i - a +0 leather armour (worn)
 j - a +0 chain mail
 k - a +0 buckler (worn)
 o - a +0 pair of gloves (worn)
 v - a +0 ring mail
Jewellery
 e - a ring of positive energy (left hand)
 u - a +6 ring of strength (right hand)
Scrolls
 b - 4 scrolls of poison
 h - 3 scrolls of teleportation {unknown}
 p - a scroll of amnesia {unknown}
 w - a scroll of acquirement {unknown}
 x - a scroll of brand weapon {unknown}
 y - a scroll of identify {unknown}
Potions
 f - 2 potions of might
 g - a potion of mutation {unknown}
 l - a potion of lignification {unknown}
 n - 2 potions of curing {unknown}
 r - a potion of heal wounds {unknown}
 s - 3 potions of berserk rage {unknown}
 t - a potion of flight {unknown}


   Skills:
 + Level 4.0 Fighting
 + Level 4.2 Maces & Flails
 * Level 3.3 Armour
 + Level 2.1 Dodging
 + Level 0.9 Stealth
 + Level 0.4 Shields


You had 4 spell levels left.
You didn't know any spells.
Your spell library was empty.

Dungeon Overview and Level Annotations

Branches:
Dungeon (4/15)
 Temple: D:4-7

Altars:
Fedhas
Gozag
Makhleb


Innate Abilities, Weirdness & Mutations

You are immune to sickness and miasma.
Your stone body is resilient. (AC +4)
You are immune to poison.
You resist negative energy. (rN+)
You are resistant to electric shocks. (rElec)
You are resistant to unholy torment.
You are immune to petrification.


Message History

The iguana barely misses you.
You barely miss the iguana.
The iguana is lightly wounded.
The iguana bites you but does no damage.
You completely miss the iguana.
The iguana is lightly wounded.
The iguana barely misses you. x2
You sock the iguana!
The iguana is heavily wounded.
The iguana barely misses you.
You barely miss the iguana.
The iguana is heavily wounded.
The iguana bites you.
You closely miss the iguana.
The iguana is heavily wounded.
The iguana closely misses you.
You closely miss the iguana.
The iguana is heavily wounded.
You hear the rusting of a very distant drain.
The iguana bites you. The iguana barely misses you.
You closely miss the iguana.
The iguana is heavily wounded.
You block the iguana's attack.
You hit the iguana.
The iguana is almost dead.
The iguana misses you.
You hit the iguana but do no damage.
The iguana is almost dead.
The iguana bites you.
* * * LOW HITPOINT WARNING * * *
You barely miss the iguana.
The iguana is almost dead.
The iguana bites you.
* * * LOW HITPOINT WARNING * * *
The iguana bites you.
* * * LOW HITPOINT WARNING * * *
You closely miss the iguana.
The iguana is almost dead.
The iguana bites you.
You die...

########.............
#........#####.#.....
#.##........#........
#.##.##..##.....†....
#.##.##..##.#...#..>.
#.#.#....##.##.###...
#.##.##.###.##.# ####
#....[..# #.##.#
####@######.##+##
#.l........#)..##
#.##..######.....## #
...# ##.......## ...#
#.........## .....
+.........'. #...#
#.........## #....
##.......## ##.....##


You could see an iguana.

Vanquished Creatures
  An iguana (D:4)
  5 adders
  2 worms
  An orc (D:3)
  6 ball pythons
  4 endoplasms
  4 giant cockroaches
  4 goblins
  5 hobgoblins
  9 kobolds
  4 quokkas
  3 bats
  6 frilled lizards
  4 rats
58 creatures vanquished.

Notes
Turn   | Place    | Note
-------+----------+-------------------------------------------
     0 | D:1      | KittyFluff the Gargoyle Berserker began the quest for the
                  | Orb.
     0 | D:1      | Reached XP level 1. HP: 14/14 MP: 1/1
   334 | D:1      | Reached XP level 2. HP: 19/19 MP: 2/2
  1362 | D:2      | Reached XP level 3. HP: 23/24 MP: 3/3
  1780 | D:2      | Reached ** piety under Trog
  1916 | D:2      | Found a blossoming altar of Fedhas.
  1992 | D:2      | Found a faded altar of an unknown god.
  2358 | D:3      | Reached XP level 4. HP: 24/29 MP: 4/4
  2697 | D:3      | Found an opulent altar of Gozag.
  2857 | D:3      | Found a burning altar of Makhleb.
  3005 | D:4      | Reached XP level 5. HP: 15/33 MP: 5/5
  3014 | D:4      | Identified the +8 quarterstaff "Spiderslayer" {venom, rC+
                  | Str+5}
  3054 | D:4      | Slain by an iguana

Illustrated notes

Levels and vault maps discovered:
D:1:      onia_arrival_pyramid, layout_basic
D:2:      layout_basic, basic_altar, chequers_ecumenical_altar_island,
          patterned_corridor
D:3:      layout_basic, lightli_temple_of_fire,
          mainiacjoe_overflow_small_starburst, chequers_mini_garden
D:4:      layout_loops_corners, lemuel_doored_altar,
          cheibrodos_sewer_entry_bend, nrook_loot_triangle,
          chequers_serial_rivers_room_b, uniq_pikel

Skill      XL: |  1  2  3  4 |
---------------+-------------+-----
Armour         | 3 |  3.3
Dodging        | 2 |  2.1
Fighting       | 4 |  4.0
Maces & Flails | 4 |  4.2
Stealth        | |  0.9
Shields        | |  0.4

Action                   |  1- 3 |  4- 6 || total
-------------------------+-------+-------++-------
Melee: Mace              |   124 |   115 ||   239
  Use: Scroll            |       |     1 ||     1
Armor: Animal skin       |    18 |       ||    18
       Leather armour    |    42 |    51 ||    93
Dodge: Dodged            |    81 |    75 ||   156
Block: Buckler           |     5 |    15 ||    20
